 Dungeon Crawl Stone Soup version 0.24-a0-537-g2d01d4a (webtiles) character file.

Game seed: 4825528822198816472

101 Enddox the Skirmisher (level 4, -18/49 HPs)
             Began as an Ogre Berserker on Aug 12, 2019.
             Was a Believer of Trog.
             Demolished by an orc warrior
             ... wielding a +0 battleaxe
              (21 damage)
             ... on level 6 of the Dungeon.
             The game lasted 00:11:03 (1984 turns).

Enddox the Skirmisher (Ogre Berserker)              Turns: 1984, Time: 00:11:03

Health: -18/49     AC:  4    Str: 21 (22) XL:     4   Next: 75%
Magic:  0/4        EV: 10    Int:  8      God:    Trog [**....]
Gold:   85         SH:  0    Dex:  8      Spells: 3/3 levels left

rFire    x . .     SeeInvis .   a - +0 hand axe
rCold    + . .     Gourm    .   (no shield)
rNeg     . . .     Faith    .   b - +1 animal skin
rPois    .         Spirit   +   (helmet restricted)
rElec    .         Reflect  .   h - scarf {Spirit}
rCorr    .         Harm     .   (gloves unavailable)
MR       .....                  (boots unavailable)
Stlth    +.........             (no amulet)
HPRegen  0.16/turn              f - ring of ice
MPRegen  0.09/turn              (no ring)

@: no status effects
A: large, unfitting armour, tough skin 1
a: Berserk, Trog's Hand, Renounce Religion


You were on level 6 of the Dungeon.
You worshipped Trog.
Trog was pleased with you.
You were not hungry.

You visited 1 branch of the dungeon, and saw 4 of its levels.

You collected 85 gold pieces.

Inventory:

Hand Weapons
 a - a +0 hand axe (weapon)
Armour
 b - a +1 animal skin (worn)
 h - a scarf of spirit shield (worn)
Jewellery
 f - a ring of ice (left hand)
Wands
 i - a wand of paralysis (7)
Scrolls
 g - a scroll of remove curse
 k - a scroll of immolation
Potions
 e - a potion of curing
Comestibles
 c - 6 rations
 l - 6 chunks of flesh


   Skills:
 + Level 4.9 Fighting
 * Level 4.3 Axes
 + Level 3.2 Dodging
 + Level 0.2 Stealth


You had 3 spell levels left.
You didn't know any spells.
Your spell library was empty.

Dungeon Overview and Level Annotations

Branches:
Dungeon (3/15)

Altars:
Makhleb
Qazlal


Innate Abilities, Weirdness & Mutations

You are too large for most types of armour.
You have tough skin. (AC +1)


Message History

You are too injured to fight recklessly!
You are too injured to fight recklessly!
You are too injured to fight recklessly!
You are too injured to fight recklessly!
You are too injured to fight recklessly!
You are too injured to fight recklessly!
Unknown command.
You barely miss the ice beast.
You hit the orc warrior but do no damage.
The ice beast closely misses you.
The orc warrior hits you with a +0 battleaxe.
You barely miss the ice beast. You barely miss the orc warrior.
The ice beast hits you but does no damage.
The orc warrior hits you with a +0 battleaxe!
* * * LOW HITPOINT WARNING * * *
You closely miss the ice beast.
You hit the orc warrior but do no damage.
The ice beast closely misses you.
The orc warrior hits you with a +0 battleaxe!!
You die...

# .# # #. .# #.
#.##. #. .....
...###. ......
.....oo###..._..
##@........
#.Y.#.....
#..............
#.###...###..##
##.## # #.# #.#
#.# ..


You could see an orc warrior, an ice beast and an orc.

Vanquished Creatures
  2 adders (D:2)
  An ooze (D:2)
  2 dart slugs (D:1)
  An orc (D:6)
  2 giant cockroaches
  13 goblins
  9 hobgoblins
  7 jackals
  A ball python (D:1)
  5 bats
  4 frilled lizards
  12 kobolds
  11 rats
70 creatures vanquished.

Notes
Turn   | Place    | Note
-------+----------+-------------------------------------------
     0 | D:1      | Enddox the Ogre Berserker began the quest for the Orb.
     0 | D:1      | Reached XP level 1. HP: 24/24 MP: 1/1
   137 | D:1      | Reached XP level 2. HP: 32/32 MP: 2/2
   452 | D:1      | Reached XP level 3. HP: 34/40 MP: 3/3
   476 | D:1      | Reached ** piety under Trog
  1295 | D:2      | Reached XP level 4. HP: 31/49 MP: 4/4
  1539 | D:2      | Found a burning altar of Makhleb.
  1970 | D:3      | You fall into a shaft and drop 3 floors!
  1970 | D:6      | Found a stormy altar of Qazlal.
  1971 | D:6      | Noticed an orc warrior
  1974 | D:6      | Noticed an ice beast
  1984 | D:6      | Demolished by an orc warrior

Levels and vault maps discovered:
D:1:      onia_arrival_larder, layout_basic, minmay_misc_feat_enclosed
D:2:      cheibrodos_greedy_goblins, layout_rooms, first_ration, bloody_makhleb
D:3:      cheibrodos_fertilizer, layout_rooms
D:6:      layout_loops_ring, basic_altar, chequers_jeans,
          okawaru_ov_weapons_minmay

Skill      XL: |  1  2  3 |
---------------+----------+-----
Dodging        | 3 |  3.2
Axes           | 4 |  4.3
Fighting       | |  4.9
Stealth        | |  0.2

Action                   |  1- 3 |  4- 6 || total
-------------------------+-------+-------++-------
Melee: Hand axe          |   134 |    58 ||   192
Invok: Berserk           |       |     2 ||     2
  Use: Potion            |     1 |     3 ||     4
       Scroll            |     2 |     3 ||     5
 Stab: Sleeping          |     2 |       ||     2
  Eat: Chunk             |     1 |     4 ||     5
Armor: Animal skin       |    49 |    18 ||    67
Dodge: Dodged            |    85 |    23 ||   108

Table legend:
 A = Non-vault XP
 B = Vault XP
 C = Vault XP percentage of total XP
 D = Non-vault monster count
 E = Vault monster count
 F = Vault count percentage of total count
                 A         B        C        D         E       F
            +---------+---------+-------+---------+---------+-------
      Total |     111 |      34 |  23.4 |      48 |      22 |  31.4
            +---------+---------+-------+---------+---------+-------
        D:1 |      53 |       7 |  11.7 |      32 |       6 |  15.8
        D:2 |      44 |      19 |  30.2 |       9 |      10 |  52.6
        D:3 |      11 |       8 |  42.1 |       6 |       6 |  50.0
        D:6 |       3 |       0 |   0.0 |       1 |       0 |   0.0
            +---------+---------+-------+---------+---------+-------
